AoeStats
← Fredericksson

Hideout

507543402Analyzed
1v1 RM · 13d ago on Sep 18, 2026· 28m 15s· 2 players
Game mode
Random Map
Map size
Tiny (2 player)
Population
200
Speed
Normal
Resources
Standard
Victory
Conquest
Starting age
Dark Age
Ending age
Imperial Age
RankedLock teamsTeams togetherTeam positionsShared explorationLock speedFull tech treeHidden civsTurbo modeCheats
Victory
Defeat
🇳🇱 Khitans · Netherlands
767
+15
🇬🇧 Inca · United Kingdom
747
-15
Fredericksson
11:26 Feudal Age
12:36 Horse Collar
12:44 Double-Bit Axe
17:11 Fletching
22:30 Castle Age
20:21 Loom
22:37 Padded Archer Armor
23:25 Pikeman
24:53 Forging
25:44 Crossbowman
klry
6:48 Loom
9:49 Feudal Age
10:53 Double-Bit Axe
10:33 Man-at-Arms
12:17 Arson
13:58 Gold Mining
16:06 Wheelbarrow
20:57 Castle Age
19:22 Forging
19:39 Domestication
20:27 Scale Barding Armor
21:42 Husbandry
24:25 Pastoralism
24:53 Stone Mining
26:50 Stone Shaft Mining
Connection lost

Rejoining the realm…

Still unreachable

The connection could not be restored.

Session expired

The server has moved on; the page needs a fresh start.